AAA
SACRAMENTO RIVER CATS @ ROUND ROCK EXPRESS
04/12/2024
 
TOP OF THE 1ST
Sacramento River Cats batting - Pitching for Round Rock Express : RHP Alex Faedo
Pitching: RHP Alex Faedo
Batting: RHB Leo Jimenez 0-0: Called Strike
0-1: Foul Ball, location: 3F
0-2: Ball
1-2: Foul Ball, location: 7LMF
1-2: Ball
2-2: Ball
3-2: Base on Balls
Batting: RHB Euribiel Angeles 0-0: Fly out, F8 (Line Drive, 8LM, EV 91.3 MPH)
Batting: LHB Ryan O'Hearn 0-0: Ball
1-0: Fly out, F9 (Flyball, 9D, EV 105.0 MPH)
Batting: SHB Abraham Toro 0-0: Foul Ball, location: 5F
0-1: Called Strike
0-2: Ball
Pickoff Throw to First - Out! 1-3 CS
Top of the 1st over - 0 runs, 0 hits, 0 errors, 0 left on base; Sacramento 0 - Round Rock 0
BOTTOM OF THE 1ST
Round Rock Express batting - Pitching for Sacramento River Cats : RHP Caleb Kilian
Pitching: RHP Caleb Kilian
Batting: RHB Esteury Ruiz 0-0: Called Strike
0-1: Foul Ball, location: 9LSF
0-2: Ball
1-2: Foul Ball, location: 2LF
1-2: Strikes out swinging
Batting: RHB Eugenio Suarez 0-0: Ball
1-0: Ball
2-0: Ground out 1-3 (Groundball, 15, EV 66.3 MPH)
Batting: LHB Jack Suwinski 0-0: Ball
1-0: Ball
2-0: Ball
3-0: Called Strike
3-1: SINGLE (Line Drive, 4D, EV 97.5 MPH)
Batting: LHB Willie Calhoun 0-0: Ball
1-0: Ball
2-0: Called Strike
2-1: Called Strike
2-2: Ball
3-2: Ground out 4-3 (Groundball, 4S, EV 81.9 MPH)
Bottom of the 1st over - 0 runs, 1 hit, 0 errors, 1 left on base; Sacramento 0 - Round Rock 0
TOP OF THE 2ND
Sacramento River Cats batting - Pitching for Round Rock Express : RHP Alex Faedo
Batting: SHB Abraham Toro 0-0: Fly out, F7 (Flyball, 78S, EV 82.5 MPH)
Batting: SHB Wilfred Astudillo 0-0: Swinging Strike
0-1: Fly out, F5 (Popup, 5SF, EV 70.6 MPH)
Batting: RHB Zach Remillard 0-0: Called Strike
0-1: Called Strike
0-2: Foul Ball, location: 9LSF
0-2: Strikes out looking
Top of the 2nd over - 0 runs, 0 hits, 0 errors, 0 left on base; Sacramento 0 - Round Rock 0
BOTTOM OF THE 2ND
Round Rock Express batting - Pitching for Sacramento River Cats : RHP Caleb Kilian
Batting: RHB Andy Ibanez 0-0: Ball
1-0: DOUBLE (Line Drive, 78XD, EV 96.3 MPH)
Batting: RHB Keston Hiura 0-0: Swinging Strike
0-1: Sac Bunt to 15S - play at first, batter OUT! 1-3
Andy Ibanez to third
Batting: RHB Vaun Brown 0-0: Ball
1-0: Foul Ball, location: 9LSF
1-1: Fly out, F7 (Flyball, 7LD, EV 101.9 MPH)
Runner from 3rd tags up, SCORES, no throw by LF
Batting: LHB Jared Thomas 0-0: Swinging Strike
0-1: Ball
1-1: Swinging Strike
1-2: Strikes out swinging
Bottom of the 2nd over - 1 run, 1 hit, 0 errors, 0 left on base; Sacramento 0 - Round Rock 1
TOP OF THE 3RD
Sacramento River Cats batting - Pitching for Round Rock Express : RHP Alex Faedo
Batting: LHB Luis Barrera 0-0: Called Strike
0-1: Foul Ball, location: 2LF
0-2: Ball
1-2: Ball
2-2: Foul Ball, location: 3F
2-2: SINGLE (Line Drive, 6M, EV 97.5 MPH)
Batting: RHB Lorenzo Cedrola 0-0: Ball
1-0: Ball
2-0: Bunted foul
2-1: Ball
3-1: Sac Bunt to P - play at first, batter OUT! 1-3
Luis Barrera to second
Batting: RHB Brady Policelli 0-0: Ball
1-0: Ground out 3-1 (Groundball, 34S, EV 110.0 MPH)
Luis Barrera to third
Batting: RHB Leo Jimenez 0-0: Ball
1-0: Foul Ball, location: 25FF
1-1: Ball
2-1: Ball
3-1: Swinging Strike
3-2: Fly out, F9 (Line Drive, 89M, EV 108.8 MPH)
Top of the 3rd over - 0 runs, 1 hit, 0 errors, 1 left on base; Sacramento 0 - Round Rock 1
BOTTOM OF THE 3RD
Round Rock Express batting - Pitching for Sacramento River Cats : RHP Caleb Kilian
Batting: LHB Taylor Trammell 0-0: Ball
1-0: Swinging Strike
1-1: Called Strike
1-2: Foul Ball, location: 23FF
1-2: Strikes out swinging
Batting: RHB Esteury Ruiz 0-0: Ball
1-0: SINGLE (Line Drive, 89M, EV 93.8 MPH)
Batting: RHB Eugenio Suarez 0-0: Fly out, F5 (Popup, 5S, EV 71.9 MPH)
Batting: LHB Jack Suwinski 0-0: Called Strike
0-1: Ball
Wild Pitch!
Esteury Ruiz to second
1-1: Ball
2-1: Ball
3-1: Foul Ball, location: 2F
3-2: Base on Balls
Batting: LHB Willie Calhoun 0-0: Ball
1-0: Ground out U3 (Groundball, 34S, EV 83.1 MPH)
Bottom of the 3rd over - 0 runs, 1 hit, 0 errors, 2 left on base; Sacramento 0 - Round Rock 1
TOP OF THE 4TH
Sacramento River Cats batting - Pitching for Round Rock Express : RHP Alex Faedo
Batting: RHB Euribiel Angeles 0-0: Called Strike
0-1: Ball
1-1: Swinging Strike
1-2: Strikes out looking
Batting: LHB Ryan O'Hearn 0-0: Ball
1-0: Ball
2-0: Fly out, F8 (Flyball, 89S, EV 96.3 MPH)
Batting: SHB Abraham Toro 0-0: Ball
1-0: Swinging Strike
1-1: Ball
2-1: Swinging Strike
2-2: Ball
3-2: Foul Ball, location: 23F
3-2: Strikes out looking
Top of the 4th over - 0 runs, 0 hits, 0 errors, 0 left on base; Sacramento 0 - Round Rock 1
BOTTOM OF THE 4TH
Round Rock Express batting - Pitching for Sacramento River Cats : RHP Caleb Kilian
Batting: RHB Andy Ibanez 0-0: Ball
1-0: Foul Ball, location: 2RF
1-1: Foul Ball, location: 7LMF
1-2: Foul Ball, location: 2F
1-2: Ball
2-2: Ball
3-2: Foul Ball, location: 9LDF
3-2: Foul Ball, location: 2F
3-2: Base on Balls
Batting: RHB Keston Hiura 0-0: Bunt missed!
0-1: Sac Bunt to 2R - play at first, batter OUT! 2-3
Andy Ibanez to second
Batting: RHB Vaun Brown 0-0: Ball
1-0: Called Strike
1-1: Foul Ball, location: 9LDF
1-2: Strikes out swinging
Batting: LHB Jared Thomas 0-0: Called Strike
0-1: Swinging Strike
0-2: Foul Ball, location: 5SF
0-2: Ground out U3 (Groundball, 3S, EV 86.3 MPH)
Bottom of the 4th over - 0 runs, 0 hits, 0 errors, 1 left on base; Sacramento 0 - Round Rock 1
TOP OF THE 5TH
Sacramento River Cats batting - Pitching for Round Rock Express : RHP Alex Faedo
Batting: SHB Wilfred Astudillo 0-0: Ball
1-0: Ball
2-0: SINGLE (Flyball, 5D, EV 90.0 MPH)
Batting: RHB Zach Remillard 0-0: Ball
1-0: Sac Bunt to 3S - play at first, batter safe!
Wilfred Astudillo to second
Batting: LHB Luis Barrera 0-0: Ground out U3 (Groundball, 34S, EV 68.8 MPH)
Wilfred Astudillo to third
Zach Remillard to second
Batting: RHB Lorenzo Cedrola 0-0: Called Strike
0-1: SINGLE (Flyball, 8LS, EV 84.4 MPH)
Wilfred Astudillo scores
Zach Remillard to third
Batting: RHB Brady Policelli 0-0: Ball
1-0: Foul Ball, location: 9LSF
1-1: Fielders Choice at 2nd, 3-6 (Groundball, 3, EV 79.4 MPH)
Zach Remillard scores
Batting: RHB Leo Jimenez 0-0: Ball
1-0: Foul Ball, location: 3SF
1-1: Ball
2-1: Foul Ball, location: 2F
2-2: Ball
3-2: Foul Ball, location: 5F
3-2: DOUBLE (Line Drive, 3D, EV 98.8 MPH)
Brady Policelli to third
Brady Policelli scores
Batting: RHB Euribiel Angeles 0-0: Ground out 4-3 (Groundball, 4, EV 105.6 MPH)
Top of the 5th over - 3 runs, 4 hits, 0 errors, 1 left on base; Sacramento 3 - Round Rock 1
BOTTOM OF THE 5TH
Round Rock Express batting - Pitching for Sacramento River Cats : RHP Caleb Kilian
Batting: LHB Taylor Trammell 0-0: Called Strike
0-1: Foul Ball, location: 2F
0-2: Ball
1-2: Ball
2-2: Fly out, F6 (Popup, 15S, EV 91.9 MPH)
Batting: RHB Esteury Ruiz 0-0: Ball
1-0: Ball
2-0: Called Strike
2-1: Swinging Strike
2-2: Ball
3-2: Fly out, F8 (Line Drive, 8RM, EV 107.5 MPH)
Batting: RHB Eugenio Suarez 0-0: Ball
1-0: Called Strike
1-1: Swinging Strike
1-2: Ball
2-2: Foul Ball, location: 2F
2-2: SINGLE (Line Drive, 56, EV 98.1 MPH)
Batting: LHB Jack Suwinski 0-0: Fly out, F9 (Flyball, 9D, EV 95.6 MPH)
Bottom of the 5th over - 0 runs, 1 hit, 0 errors, 1 left on base; Sacramento 3 - Round Rock 1
TOP OF THE 6TH
Sacramento River Cats batting - Pitching for Round Rock Express : RHP Alex Faedo
Batting: LHB Ryan O'Hearn 0-0: Called Strike
0-1: Foul Ball, location: 3FF
0-2: Ball
1-2: Foul Ball, location: 25F
1-2: Ball
2-2: Ball
3-2: Fly out, F5 (Popup, 25F, EV 91.3 MPH)
Batting: SHB Abraham Toro 0-0: Ball
1-0: Ball
2-0: Ball
3-0: Base on Balls
Batting: SHB Wilfred Astudillo 0-0: Ball
1-0: Called Strike
1-1: Fly out, F9 (Flyball, 9LM, EV 93.8 MPH)
Batting: RHB Zach Remillard 0-0: Ball
1-0: Swinging Strike
1-1: Ball
2-1: SINGLE (Flyball, 89S, EV 88.1 MPH)
Abraham Toro to second
Runner from 2nd tries for 3rd, SAFE, no throw by RF
Batting: LHB Luis Barrera 0-0: Reached on error, E4 (Groundball, 4M, EV 106.9 MPH)
Abraham Toro scores
Zach Remillard to second
Batting: RHB Lorenzo Cedrola 0-0: Ball
1-0: Ball
2-0: Swinging Strike
2-1: Ball
3-1: Foul Ball, location: 7LSF
3-2: Base on Balls
Zach Remillard to third
Luis Barrera to second
Batting: RHB Brady Policelli 0-0: Ball
1-0: Ball
2-0: Called Strike
2-1: Called Strike
2-2: Ball
3-2: GRAND SLAM HOME RUN (Flyball, 7LD, EV 94.4 MPH), Distance : 354 ft
Pitching: RHP Lucas Giolito
Batting: RHB Leo Jimenez 0-0: Swinging Strike
0-1: Ball
1-1: Foul Ball, location: 2F
1-2: Ground out 6-3 (Groundball, 6, EV 100.0 MPH)
Top of the 6th over - 5 runs, 2 hits, 1 error, 0 left on base; Sacramento 8 - Round Rock 1
BOTTOM OF THE 6TH
Round Rock Express batting - Pitching for Sacramento River Cats : RHP Caleb Kilian
Batting: LHB Willie Calhoun 0-0: Ball
1-0: Ball
2-0: Called Strike
2-1: Foul Ball, location: 2F
2-2: Ball
3-2: Foul Ball, location: 3DF
3-2: Foul Ball, location: 2F
3-2: Strikes out looking
Batting: RHB Andy Ibanez 0-0: Swinging Strike
0-1: Ball
1-1: Ball
2-1: Called Strike
2-2: Ball
3-2: Strikes out swinging
Batting: RHB Keston Hiura 0-0: Foul Ball, location: 2LF
0-1: Ball
1-1: Ball
2-1: Fly out, F9 (Flyball, 9LM, EV 102.5 MPH)
Bottom of the 6th over - 0 runs, 0 hits, 0 errors, 0 left on base; Sacramento 8 - Round Rock 1
TOP OF THE 7TH
Sacramento River Cats batting - Pitching for Round Rock Express : RHP Lucas Giolito
Batting: RHB Euribiel Angeles 0-0: Ball
1-0: Called Strike
1-1: Fly out, F2 (Popup, 15S, EV 83.8 MPH)
Batting: LHB Ryan O'Hearn 0-0: Called Strike
0-1: Ball
1-1: Swinging Strike
1-2: Strikes out swinging
Batting: SHB Abraham Toro 0-0: Fly out, F5 (Popup, 56, EV 60.6 MPH)
Top of the 7th over - 0 runs, 0 hits, 0 errors, 0 left on base; Sacramento 8 - Round Rock 1
BOTTOM OF THE 7TH
Round Rock Express batting - Pitching for Sacramento River Cats : RHP Caleb Kilian
Batting: RHB Vaun Brown 0-0: Ground out 6-3 (Groundball, 6, EV 86.9 MPH)
Batting: LHB Jared Thomas 0-0: SINGLE (Groundball, 6MD, EV 96.3 MPH)
Pitching: RHP Kendall Graveman
Batting: LHB Taylor Trammell 0-0: Foul Ball, location: 25F
0-1: Ball
1-1: Fly out, F9 (Flyball, 9D, EV 93.1 MPH)
Batting: RHB Esteury Ruiz 0-0: Foul Ball, location: 25F
0-1: Ball
1-1: Swinging Strike
1-2: Foul Ball, location: 5FF
1-2: Foul Ball, location: 3DF
1-2: SINGLE (Flyball, 78M, EV 90.0 MPH)
Jared Thomas to second
Batting: RHB Eugenio Suarez 0-0: Ball
1-0: Ball
2-0: Swinging Strike
2-1: Swinging Strike
2-2: Strikes out looking
Bottom of the 7th over - 0 runs, 2 hits, 0 errors, 2 left on base; Sacramento 8 - Round Rock 1
TOP OF THE 8TH
Sacramento River Cats batting - Pitching for Round Rock Express : RHP Lucas Giolito
Batting: SHB Wilfred Astudillo 0-0: Ball
1-0: Called Strike
1-1: Foul Ball, location: 2F
1-2: Ball
2-2: Strikes out swinging
Batting: RHB Zach Remillard 0-0: Called Strike
0-1: Foul Ball, location: 9LSF
0-2: Ball
1-2: Strikes out swinging
Batting: LHB Luis Barrera 0-0: Swinging Strike
0-1: SINGLE (Groundball, 34D, EV 93.8 MPH)
Pinch Hitting: RHB Brewer Hicklen 0-0: Fly out, F6 (Line Drive, 6M, EV 76.9 MPH)
Top of the 8th over - 0 runs, 1 hit, 0 errors, 1 left on base; Sacramento 8 - Round Rock 1
BOTTOM OF THE 8TH
Round Rock Express batting - Pitching for Sacramento River Cats : RHP Kendall Graveman
Now in LF: Brewer Hicklen
Batting: LHB Jack Suwinski 0-0: SINGLE (Line Drive, 8RS, EV 89.4 MPH)
Batting: LHB Willie Calhoun 0-0: Ball
1-0: Ball
2-0: Foul Ball, location: 2F
2-1: Fly out, F4 (Popup, 23, EV 87.5 MPH)
Pitching: RHP Jake Reed
Batting: RHB Andy Ibanez 0-0: SINGLE (Groundball, 6MD, EV 102.5 MPH)
Jack Suwinski to second
Runner from 2nd tries for 3rd, SAFE, throw by CF made to third
Batting: RHB Keston Hiura 0-0: Ball
1-0: Ball
2-0: Ball
3-0: Called Strike
3-1: Base on Balls
Andy Ibanez to second
Pinch Hitting: SHB Rubendy Jaquez 0-0: Ball
1-0: Foul Ball, location: 2LF
1-1: Foul Ball, location: 2F
1-2: SINGLE (Line Drive, 34D, EV 96.9 MPH)
Jack Suwinski scores
Andy Ibanez to third
Keston Hiura to second
Pitching: RHP Eric Hanhold
Batting: LHB Jared Thomas 0-0: Ball
1-0: Called Strike
1-1: Called Strike
1-2: Foul Ball, location: 2F
1-2: Ball
2-2: Foul Ball, location: 3F
2-2: Foul Ball, location: 2F
2-2: Grounds into double play, 4-6-3 (Groundball, 4, EV 95.6 MPH)
Bottom of the 8th over - 1 run, 3 hits, 0 errors, 2 left on base; Sacramento 8 - Round Rock 2
TOP OF THE 9TH
Sacramento River Cats batting - Pitching for Round Rock Express : RHP Lucas Giolito
Now at 2B: Rubendy Jaquez
Now in CF: Jack Suwinski
Now in RF: Esteury Ruiz
Batting: RHB Brady Policelli 0-0: Foul Ball, location: 2LF
0-1: Ball
1-1: Foul Ball, location: 3F
1-2: Foul Ball, location: 3FF
1-2: Ball
2-2: Foul Ball, location: 3F
2-2: Foul Ball, location: 3SF
2-2: Ball
3-2: Foul Ball, location: 2F
3-2: SINGLE (Line Drive, 78S, EV 100.6 MPH)
Batting: RHB Leo Jimenez 0-0: Called Strike
0-1: Ball
1-1: Called Strike
1-2: Strikes out swinging
Batting: RHB Euribiel Angeles 0-0: Ball
1-0: Grounds into double play, 6-4-3 (Groundball, 56, EV 82.5 MPH)
Top of the 9th over - 0 runs, 1 hit, 0 errors, 0 left on base; Sacramento 8 - Round Rock 2
BOTTOM OF THE 9TH
Round Rock Express batting - Pitching for Sacramento River Cats : RHP Eric Hanhold
Batting: LHB Taylor Trammell 0-0: Foul Ball, location: 2F
0-1: Ball
1-1: Fly out, F7 (Line Drive, 7LM, EV 90.0 MPH)
Batting: RHB Esteury Ruiz 0-0: SINGLE (Groundball, 56D, EV 98.8 MPH) (infield hit)
Batting: RHB Eugenio Suarez 0-0: Called Strike
0-1: Called Strike
0-2: Ball
1-2: Fielders Choice at 2nd, 3-6 (Groundball, 23, EV 81.9 MPH)
Batting: LHB Jack Suwinski 0-0: Ball
1-0: Ball
2-0: Ball
3-0: Called Strike
3-1: Called Strike
3-2: Foul Ball, location: 2F
3-2: Strikes out looking
Bottom of the 9th over - 0 runs, 1 hit, 0 errors, 1 left on base; Sacramento 8 - Round Rock 2
Thursday, February 8th , 2024 - OOTP Baseball 24.11 Build 85